Unix xNetHack Version 7.1.0 - last build Dec 11 2022 15:18:36 (91bc4d2507b4b34ac92889b06d50a936f6bde808). Game began 2023-05-03 20:06:56, ended 2023-05-04 19:07:20. dflexer, neutral female gnomish Healer ------------ ## |...........########-------------------------------- |..<.......| #%..............................| ---%-------- %|...--------.......-----------.| *|...| |------.| |(((|..|.| #|...| |.(...|.| |(((|..-.| #|...| |-||.._..|.-+-|...|---.| *|...---|-........|....--|--....| #|......... |.....|.............| #|........{.--*----.{...........| #|..............................| #|.@--+--.......*.....-|--|---..| #|.f| |-------..----| |.".|..| #|..| |..|...-..*.?.| |...|.%| #|.d| |..|...|..|.%.|--|.!.|..| #|..-----%------..-----..-----..| ##|..............................| -------------------------------- Dflexer the Empiric St:12 Dx:8 Co:18 In:13 Wi:12 Ch:14 Neutral S:536 Dlvl:6 $:0 HP:0(30) Pw:20(28) AC:4 Xp:3/64 T:3145 Latest messages: The kitten devours a cursed partly eaten food ration. The kitten drops an uncursed dart. The kitten bites the kobold shaman. The kitten bites the kobold shaman. The kobold shaman is killed! The kitten picks up an uncursed dart. You swap places with your kitten. The kitten drops an uncursed dart. You see here a kobold shaman corpse. The kitten picks up an uncursed dart. The kitten drops an uncursed dart. You stop. Your kitten is in the way! (For instructions type a '?') (For instructions type a '?') What do you want to use or apply? [cgijnostvwBDX-Z or ?*] c In what direction? y Status of Morris (neutral): Level 2 HP 5(6) AC 6, tame. What do you want to use or apply? [cgijnostvwBDX-Z or ?*] c In what direction? h Status of Max (neutral): Level 2 HP 4(9) AC 6, tame, scared. You see here an uncursed dart. You swap places with Harry. There is an open door here. You see here a kobold shaman corpse. Harry picks up a kobold shaman corpse. Morris picks up an uncursed dart. Rath Luirc zaps a crystal wand! The magic missile hits you! The magic missile bounces! The magic missile hits Harry! Rath Luirc zaps a wand of magic missile! The magic missile hits you! The magic missile bounces! Rath Luirc is not near enough to receive your payment. In what direction? . You feel better. Rath Luirc zaps a marble wand! The wand hits you! Rath Luirc is after your hide, not your gold! Besides, you don't have enough to interest him. Harry drops a kobold shaman corpse. Rath Luirc zaps a marble wand! The wand hits you! You die... Rath Luirc takes all your possessions. Do you want to see what you had when you died? y Do you want to see your attributes? y Do you want an account of creatures vanquished? n Do you want to see your conduct and achievements? y Do you want to see the dungeon overview? n Major events: Turn 1: dflexer the neutral female gnomish Healer entered the dungeon 948: entered the Gnomish Mines 2514: reached Mine Town 2783: attained the rank of Empiric (level 3) 3145: killed by a wand Inventory: Inventory: 763/800 weight (50/52 slots) Amulets R - a cursed silver amulet of strangulation named cursed {25} Wands v - a wand of digging (0:6) {7} D - a wand of nothing (0:11) {7} g - a wand of sleep (0:3) {7} Potions f - 3 uncursed potions of extra healing {60} F - 2 cursed potions of extra healing {40} r - an uncursed potion of gain level {20} e - a blessed potion of healing {20} d - 3 uncursed potions of healing {60} m - a blessed potion of monster detection named uncursed {20} E - a cursed potion of see invisible {20} Scrolls G - a cursed scroll of confuse monster {5} L - an uncursed scroll of destroy armor {5} C - a blessed scroll of enchant armor named uncursed {5} U - an uncursed scroll of enchant armor {5} M - an uncursed scroll of enchant weapon {5} I - a cursed scroll of food detection {5} H - a cursed scroll of gold detection {5} J - a cursed scroll of identify {5} A - an uncursed scroll of light {5} K - 3 cursed scrolls of magic mapping {15} p - 2 uncursed scrolls of punishment {10} q - a blessed scroll of water {5} Weapons u - a +0 cloth sling {2} N - 31 +2 darts (at the ready) {31} y - 12 +0 darts named iron {12} x - a +0 copper dagger {10} a - a +0 scalpel (weapon in hand) {5} B - a +0 glaive {75} Armor b - an uncursed +1 pair of leather gloves (being worn) {8} O - a cursed +0 pair of low boots {10} l - an uncursed +0 dwarvish cloak (being worn) {8} P - a cursed +0 Hawaiian shirt with a flamingo motif {5} Comestibles k - 6 uncursed apples {12} Q - 2 cursed bananas {4} z - 5 cursed food rations {100} S - 5 cursed oranges {10} T - 2 cursed tripe rations {20} W - a cursed lichen corpse {20} Tools Y - an uncursed credit card {1} Z - a cursed expensive camera (0:95) {12} w - an uncursed lock pick {4} j - an uncursed silver lock pick {4} n - an uncursed magic lamp {20} X - a cursed pea whistle {3} c - an uncursed stethoscope {4} i - an uncursed towel {5} s - an uncursed towel {5} t - a cursed wax candle {2} Gems/Stones o - 5 uncursed flint stones {10} Dflexer the Healer's attributes: Background: You were an Empiric, a level 3 female gnomish Healer. You were neutral, on a mission for Hermes who was opposed by Athena (lawful) and Poseidon (chaotic). You were heterosexual. You were in the Gnomish Mines, on level 6. You entered the dungeon 3145 turns ago. There was a full moon in effect when your adventure ended. You had 64 experience points, 16 more were needed to attain level 4. Your score was 536 before end-of-game adjustments. Basics: You had 0 out of 30 hit points. You had 20 out of 28 energy points (spell power). Your armor class was 4. Your wallet was empty. Autopickup was off. Final Characteristics: Your strength was 12 (limit:18/50). Your dexterity was 8 (limit:18). Your constitution was 18 (limit:18). Your intelligence was 13 (limit:19). Your wisdom was 12 (limit:18). Your charisma was 14 (limit:18). Final Status: You were not hungry. You were unencumbered. You were wielding a knife. You had basic skill with knife. Final Attributes: You were piously aligned. You were poison resistant. You had infravision. You had a small defense bonus (+4). You were warded. You were lucky. You are dead. Miscellaneous: You encountered 1 bones level. Total elapsed playing time was 2 hours, 13 minutes and 38 seconds. Vanquished creatures: a small mimic 2 watchmen 2 gnome leaders a dwarf a homunculus 2 kobold shamans 2 rothes 3 dwarf zombies a wererat 3 iguanas an acid blob 3 coyotes 3 hobbits a large kobold 2 giant rats 2 brown molds 3 yellow molds 6 gnomes 5 geckos 3 jackals 2 foxes a kobold 3 goblins 3 sewer rats 5 grid bugs 6 lichens 3 kobold zombies 2 newts 72 creatures vanquished. No species were genocided or became extinct. Voluntary challenges: You read items or engraved 2 times. You never genocided any monsters. You never polymorphed an object. You never changed form. You never touched an artifact. You used no wishes. You never scared an enemy with impunity. You were celibate. You never generated conflict. Achievements: You entered the Gnomish Mines. You entered a shop. You entered Minetown. You entered a temple. You attained the rank of Empiric. The Dungeons of Doom: levels 1 to 4 Level 1: A fountain. Level 2: A general store, a fountain. Stairs down to The Gnomish Mines. Level 3: "spellbooks under a rock top right" Level 4: A fountain, a grave. The Gnomish Mines: levels 3 to 6 Level 3: Level 4: Final resting place for post163-Tou-Hum-Fem-Neu, killed by a crossbow bolt. Level 5: Level 6: <- You were here. Many shops, a temple, some fountains. Final resting place for you, killed by a wand. Game over: __________ / \ / REST \ / IN \ / PEACE \ / \ | dflexer | | 0 Au | | killed by a wand | | | | | | | | 2023 | *| * * * | * _________)/\\_//(\/(/\)/\//\/|_)_______ Goodbye dflexer the Healer... You died in The Gnomish Mines on dungeon level 6 with 536 points, and 0 pieces of gold, after 3145 moves. You were level 3 with a maximum of 30 hit points when you died.